 Dungeon Crawl Stone Soup version 0.27-a0-668-gb5737ff2c0 (webtiles) character file.

Game seed: 11533902268829077781

14256 spiderkeys the Spear-Bearer (level 11, -7/101 HPs)
             Began as a Minotaur Berserker on Mar 17, 2021.
             Was an Elder of Trog.
             Mangled by a spatial maelstrom (23 damage)
             ... on level 2 of the Abyss.
             The game lasted 00:15:16 (14391 turns).

spiderkeys the Spear-Bearer (Minotaur Berserker)   Turns: 14391, Time: 00:15:16

Health: -7/101     AC: 20    Str: 37    XL:     11   Next: 86%
Magic:  10/10      EV: 11    Int:  4    God:    Trog [****..]
Gold:   592        SH:  0    Dex: 10    Spells: 10/10 levels left

rFire    . . .     SeeInvis .   P - +2 glaive (venom)
rCold    . . .     Faith    .   (shield currently unavailable)
rNeg     . . .     Spirit   .   p - +0 plate armour
rPois    .         Reflect  .   x - +1 hat
rElec    .         Harm     .   f - +0 cloak
rCorr    .         Rampage  .   T - +2 pair of gloves {archery}
Will     ++...                  (no boots)
Stlth    ..........             w - amulet of the acrobat
HPRegen  1.00/turn              J - +6 ring of strength
MPRegen  0.12/turn              q - +6 ring of strength

@: recuperating, diseased
A: horns 2, retaliatory headbutt
a: Renounce Religion, Berserk, Trog's Hand, Brothers in Arms


You were on level 2 of the Abyss.
You worshipped Trog.
Trog was greatly pleased with you.
You visited 1 branch of the dungeon, and saw 12 of its levels.
You visited the Abyss 1 time.

You collected 951 gold pieces.
You spent 359 gold pieces at shops.

Inventory:

Hand Weapons
 D - a +3 antimagic halberd
 P - a +2 glaive of venom (weapon)
Missiles
 e - 55 poisoned darts
 m - 7 atropa-tipped darts
 n - 9 boomerangs
 H - 3 javelins
Armour
 f - a +0 cloak (worn)
 p - a +0 plate armour (worn)
 x - a +1 hat (worn)
 T - a +2 pair of gloves of archery (worn)
Jewellery
 a - a ring of fire
 i - a ring of positive energy
 q - a +6 ring of strength (left hand)
 w - an amulet of the acrobat (around neck)
 F - a ring of willpower
 J - a +6 ring of strength (right hand)
 L - a ring of willpower
 N - a ring of protection from cold
Wands
 d - a wand of iceblast (7)
 u - a wand of flame (48)
 v - a wand of mindburst (5)
 y - a wand of digging (3)
 z - a wand of paralysis (23)
 S - a wand of acid (10)
Scrolls
 b - 7 scrolls of identify
 c - 2 scrolls of vulnerability
 h - a scroll of magic mapping
 G - a scroll of silence {unknown}
 I - a scroll of random uselessness {unknown}
 K - a scroll of torment
 O - a scroll of fog
 Q - a scroll of immolation
 R - a scroll of enchant weapon {unknown}
Potions
 g - 2 potions of ambrosia
 j - 2 potions of mutation
 l - a potion of brilliance {unknown}
 o - 4 potions of flight
 r - 3 potions of lignification
 s - 9 potions of curing
 t - a potion of degeneration {unknown}
 B - 2 potions of berserk rage
 C - a potion of attraction {unknown}
 E - a potion of haste {unknown}
 M - a potion of might {unknown}


   Skills:
 + Level 10.9 Fighting
 * Level 14.4 Polearms
 + Level 10.6 Armour
 + Level 9.8 Dodging


You had 10 spell levels left.
You didn't know any spells.
Your spell library contained the following spells:

 Spells                   Type           Power      Damage    Failure   Level
 Animate Skeleton         Necr           0%         N/A       95%         1
 Apportation              Tloc           0%         N/A       95%         1
 Corona                   Hex            0%         N/A       95%         1
 Magic Dart               Conj           0%         1d3       95%         1
 Shock                    Conj/Air       0%         1d3       95%         1
 Summon Small Mammal      Summ           0%         N/A       95%         1
 Searing Ray              Conj           0%         3d3       99%         2
 Slow                     Hex            0%         N/A       99%         2
 Swiftness                Air            0%         N/A       99%         2
 Confusing Touch          Hex            0%         N/A       100%        3
 Dazzling Flash           Conj/Hex       0%         N/A       100%        3
 Gell's Gravitas          Tloc           0%         N/A       100%        3
 Inner Flame              Hex/Fire       0%         N/A       100%        3
 Portal Projectile        Hex/Tloc       0%         N/A       100%        3
 Static Discharge         Conj/Air       0%         N/A       100%        3
 Airstrike                Air            0%         N/A       100%        4
 Cause Fear               Hex            0%         N/A       100%        4
 Fulminant Prism          Conj/Hex       0%         3d6       100%        4
 Iskenderun's Mystic Bla  Conj/Tloc      0%         2d3       100%        4
 Leda's Liquefaction      Hex/Erth       0%         N/A       100%        4
 Petrify                  Tmut/Erth      0%         N/A       100%        4
 Lightning Bolt           Conj/Air       0%         1d11      100%        5
 Metabolic Englaciation   Hex/Ice        0%         N/A       100%        5
 Yara's Violent Unravell  Hex/Tmut       0%         3d3       100%        5


Dungeon Overview and Level Annotations

Branches:
Dungeon (12/15)            Temple (0/1) D:4            Lair (0/6) D:9
    Orc (0/2) D:9

Altars:
Ashenzari
Cheibriados
Dithmenos
Nemelex Xobeh
Qazlal
Vehumet
Yredelemnul
The Shining One
Beogh

Shops:
D:7 !   D:12 [

Annotations:
D:12 Sonja


Innate Abilities, Weirdness & Mutations

You have a pair of horns on your head.
You reflexively headbutt those who attack you in melee.


Message History

The sixfirhy barely misses you. You furiously retaliate!
You headbutt the sixfirhy!
The spatial maelstrom hits you but does no damage.
The spatial maelstrom hits you!
You blink.
A blizzard demon comes into view.
The blizzard demon shouts!
A spatial vortex comes into view.
The jelly completely misses you.
A spatial vortex comes into view.
The blizzard demon completely misses you.
The blizzard demon hits you but does no damage.
The blizzard demon completely misses you.
The blizzard demon hits you. The blizzard demon hits you. x2
You feel ill.
You feel ill. The sixfirhy completely misses you.
The sixfirhy barely misses you. The sixfirhy closely misses you.
You furiously retaliate!
You headbutt the sixfirhy. The sixfirhy closely misses you.
The blizzard demon gestures at you. The bolt of lightning misses you.
A spatial vortex comes into view.
A spatial vortex comes into view.
Okay, then.
Your skin crawls.
You feel strong-willed.
The spatial maelstrom hits you but does no damage. x2
The sixfirhy hits you. The sixfirhy shocks you!
The sixfirhy hits you but does no damage.
The sixfirhy completely misses you. x2; The sixfirhy misses you.
You fail to use your ability.
A spatial vortex comes into view.
The spatial maelstrom hits you!
* * * LOW HITPOINT WARNING * * *
Space bends around you!
* * * LOW HITPOINT WARNING * * *
The spatial maelstrom hits you.
* * * LOW HITPOINT WARNING * * *
Space warps horribly around you!!
You die...

#.# .# . .....#. #
#....# #.# ##...
#.##.....###.###.#v#
#..##....#... #. #.
## #..#..#.###...###
#.. ...##.###.....x#
###2.v.....#..#.3
##v3uJ.x......## #.
#.@v#...#...##.....
#.#.#.#..#.. # #...
.. ... #.....# #. .
#.. ...#v...##..
###. #.
##..##...#... . ..
.###..#.# # # # .
#....# .. .. .


You could see a green very ugly thing, a spatial maelstrom, a blizzard demon, 3
spatial vortices, an ancient zyme, a sixfirhy and a jelly.

Vanquished Creatures
  3 death yaks (D:9)
  A thrashing horror (Abyss:2)
  A two-headed ogre (D:11)
  2 unseen horrors
  An ugly thing (D:9)
  A centaur zombie (D:12)
  The ghost of ArcanElement the Slasher, a novice HuFi (D:4)
  Maggie (D:7)
  A komodo dragon (D:11)
  A kobold demonologist (D:12)
  4 trolls
  The ghost of Gunch the Vexing, an amateur FeEn (D:6)
  8 yaks
  Grum (D:11)
  A steam dragon (D:9)
  Eustachio (D:5)
  3 vampire mosquitoes (D:12)
  A water moccasin (D:11)
  2 acid dragons (D:12)
  2 ice beasts
  6 orc warriors
  A necrophage (D:8)
  2 wolves (D:11)
  4 ogres
  10 centaurs
  4 phantoms
  A kobold brigand (D:8)
  5 bullfrogs
  A water moccasin skeleton (D:7)
  A scorpion (D:8)
  8 wights
  3 killer bees (D:9)
  3 bullfrog zombies
  10 howler monkeys
  2 quasits
  2 jellies (D:6)
  2 hounds (D:7)
  3 orc priests
  5 iguanas
  13 orc wizards
  7 worker ants
  A hound zombie (D:9)
  A hound skeleton (D:11)
  7 gnolls
  A howler monkey skeleton (D:4)
  9 adders
  5 shadow imps
  2 white imps (D:5)
  2 ufetubi
  An ooze (D:7)
  An adder skeleton (D:4)
  5 worms
  2 dart slugs
  6 leopard geckos
  35 orcs
  3 ball pythons
  10 bats
  3 giant cockroaches
  8 goblins
  6 hobgoblins
  5 jackals
  11 quokkas
  3 frilled lizards
  13 kobolds
  A leopard gecko zombie (D:5)
  A quokka skeleton (D:5)
  8 rats
280 creatures vanquished.

Notes
Turn   | Place    | Note
-------+----------+-------------------------------------------
     0 | D:1      | spiderkeys the Minotaur Berserker began the quest for the
                  | Orb.
     0 | D:1      | Reached XP level 1. HP: 19/19 MP: 0/0
   368 | D:1      | Reached XP level 2. HP: 23/27 MP: 1/1
   444 | D:1      | Reached skill level 4 in Polearms
   873 | D:2      | Reached XP level 3. HP: 33/33 MP: 2/2
   909 | D:2      | Found a basalt altar of Yredelemnul.
   944 | D:2      | Reached ** piety under Trog
  2114 | D:3      | Reached XP level 4. HP: 40/40 MP: 3/3
  2749 | D:3      | Found a radiant altar of Vehumet.
  3041 | D:3      | Reached skill level 5 in Polearms
  3511 | D:4      | Reached XP level 5. HP: 33/47 MP: 4/4
  3577 | D:4      | Reached skill level 6 in Polearms
  3577 | D:4      | Reached XP level 6. HP: 39/55 MP: 5/5
  3704 | D:4      | Reached skill level 5 in Fighting
  4174 | D:4      | Found a runed translucent door.
  4176 | D:4      | Noticed ArcanElement's ghost (novice HuFi)
  4298 | D:4      | Found a staircase to the Ecumenical Temple.
  4530 | D:4      | Killed ArcanElement's ghost
  4531 | D:4      | Reached skill level 7 in Polearms
  4531 | D:4      | Reached XP level 7. HP: 62/62 MP: 6/6
  4708 | D:5      | Entered Level 5 of the Dungeon
  4751 | D:5      | Reached *** piety under Trog
  4754 | D:5      | Reached skill level 5 in Armour
  5119 | D:5      | Noticed Eustachio
  5127 | D:5      | Killed Eustachio
  5128 | D:5      | Reached skill level 8 in Polearms
  5128 | D:5      | Reached skill level 5 in Dodging
  5128 | D:5      | Reached XP level 8. HP: 70/70 MP: 7/7
  5843 | D:6      | Reached skill level 9 in Polearms
  6166 | D:6      | Reached **** piety under Trog
  6452 | D:6      | Reached XP level 9. HP: 79/79 MP: 8/8
  7072 | D:6      | Reached skill level 10 in Polearms
  7103 | D:6      | Found a glowing golden altar of the Shining One.
  7124 | D:6      | Found a runed translucent door.
  7128 | D:6      | Noticed Gunch's ghost (amateur FeEn)
  7172 | D:6      | Found a snail-covered altar of Cheibriados.
  7383 | D:6      | Killed Gunch's ghost
  8389 | D:7      | Found Nubbeer's Distillery.
  8396 | D:7      | Bought a potion of heal wounds for 65 gold pieces
  8396 | D:7      | Bought a potion of curing for 39 gold pieces
  8486 | D:7      | Noticed Maggie
  8489 | D:7      | Reached ***** piety under Trog
  8522 | D:7      | Killed Maggie
  8523 | D:7      | Reached skill level 11 in Polearms
  9003 | D:8      | Found a shadowy altar of Dithmenos.
  9049 | D:8      | Reached XP level 10. HP: 90/90 MP: 9/9
  9311 | D:8      | Received a gift from Trog
  9515 | D:8      | Found a sparkling altar of Nemelex Xobeh.
  9561 | D:9      | Noticed a green ugly thing
  9570 | D:9      | Killed a green ugly thing
  9912 | D:9      | Found a broken altar of Ashenzari.
  9946 | D:9      | Noticed a death yak
  9946 | D:9      | Noticed a death yak
  9950 | D:9      | Noticed a death yak
  9964 | D:9      | Killed a death yak
  9965 | D:9      | Reached skill level 12 in Polearms
  9976 | D:9      | Killed a death yak
  9984 | D:9      | Killed a death yak
 10293 | D:9      | Found a staircase to the Lair.
 10333 | D:9      | Found a staircase to the Orcish Mines.
 10707 | D:9      | Reached skill level 13 in Polearms
 10707 | D:9      | Reached XP level 11. HP: 77/99 MP: 3/10
 10922 | D:10     | Entered Level 10 of the Dungeon
 11045 | D:10     | Killed an unseen horror
 12072 | D:11     | Reached skill level 10 in Fighting
 12293 | D:11     | Noticed Grum
 12300 | D:11     | Killed Grum
 13065 | D:11     | Reached skill level 10 in Armour
 13136 | D:11     | Found a stormy altar of Qazlal.
 13181 | D:11     | Noticed a two-headed ogre
 13187 | D:11     | Killed a two-headed ogre
 13779 | D:12     | Reached skill level 14 in Polearms
 13857 | D:12     | Found Zuelysad's Antique Armour Shop.
 13867 | D:12     | Bought a pair of runed gloves for 255 gold pieces
 13978 | D:12     | Noticed Sonja
 13981 | D:12     | Cast into level 2 of the Abyss (Sonja)
 13981 | Abyss:2  | Found a corrupted altar of Lugonu.
 14036 | Abyss:2  | Noticed a starcursed mass
 14050 | Abyss:2  | Found a corrupted altar of Lugonu.
 14067 | Abyss:2  | Noticed a large abomination
 14123 | Abyss:2  | Noticed a lich
 14168 | Abyss:2  | Found a corrupted altar of Lugonu.
 14185 | Abyss:2  | Noticed a tentacled starspawn
 14319 | Abyss:2  | Noticed a brown very ugly thing
 14319 | Abyss:2  | Noticed a brown ugly thing
 14319 | Abyss:2  | Noticed a brown very ugly thing
 14326 | Abyss:2  | Noticed a thrashing horror
 14330 | Abyss:2  | Killed a thrashing horror
 14332 | Abyss:2  | Killed an unseen horror
 14338 | Abyss:2  | Noticed a thrashing horror
 14348 | Abyss:2  | Noticed a spatial maelstrom
 14378 | Abyss:2  | Noticed a sixfirhy
 14378 | Abyss:2  | Noticed a blizzard demon
 14391 | Abyss:2  | Mangled by a spatial maelstrom

Illustrated notes

Levels and vault maps discovered:
D:1:      roderic_chinese_lattice_arrival, layout_rooms, feat_on_display
D:2:      layout_basic, yredelemnul_altar_generic
D:3:      layout_basic, lemuel_coloured_pillars_altar
D:4:      layout_cave_pools, minmay_temple_entry_tees,
          ebering_ghost_reflecting_pool, kennysheep_orc_chapel
D:5:      layout_loops_ring, hex_tiny, uniq_eustachio
D:6:      layout_loops_ring, slow_altar_2, kennysheep_mini_moat,
          ebering_ghost_reflecting_pool
D:7:      layout_loops_ring, serial_shops, nicolae_shop_statue_plus, uniq_maggie
D:8:      layout_cave_pools, kennysheep_mini, hangedman_abyss_or_decor_passed,
          kennysheep_nub, grunt_ministairs_14,
          nicolae_dithmenos_through_a_glass_darkly
D:9:      layout_roguey, nicolae_ashenzari_skybound, dpeg_lair_monsters
D:10:     layout_roguey
D:11:     layout_basic, basic_altar, uniq_grum
D:12:     lemuel_ogre_cave, layout_basic, serial_shops,
          nicolae_shop_statue_plus, uniq_sonja
Abyss:2:  base: D:3, bh_abyss_xom_lugonu_altar, due_exit_kobolds,
          lemuel_flamethrower_3, hangedman_abyss_stitches_cave,
          hangedman_abyss_stitches_cave

Skill      XL: |  1  2  3  4  5  6  7  8  9 10 11 |
---------------+----------------------------------+-----
Polearms       | 4 5 6 7 8 9 11 13 14 | 14.4
Fighting       | 4 5 6 7 8 9 10 | 10.9
Armour         | 3 4 5 6 8 9 10 | 10.6
Dodging        | 3 4 5 6 7 8 9 |  9.8

Action                   |  1- 3 |  4- 6 |  7- 9 | 10-12 || total
-------------------------+-------+-------+-------+-------++-------
Melee: Spear             |   135 |   195 |   498 |    44 ||   872
       Headbutt          |    11 |    30 |    84 |    62 ||   187
       Halberd           |       |       |       |   110 ||   110
       Glaive            |       |       |       |   129 ||   129
Invok: Berserk           |       |     2 |     3 |     1 ||     6
       Trog's Hand       |       |       |       |     3 ||     3
       Brothers in Arms  |       |       |       |     2 ||     2
Evoke: Wand              |       |       |       |     1 ||     1
  Use: Scroll            |       |       |    13 |     5 ||    18
       Potion            |       |       |       |     4 ||     4
Armor: Animal skin       |    15 |    11 |       |       ||    26
       Plate armour      |       |    44 |   137 |   156 ||   337
Dodge: Dodged            |    59 |    67 |    91 |   187 ||   404

Table legend: (Time is in decaauts)
 A = Elapsed time spent in this place.
 B = Non-inter-level travel time spent in this place.
 C = Inter-level travel time spent in this place.
 D = Time resting spent in this place.
 E = Time spent auto-exploring this place.
 F = Levels seen in this place.
 G = Mean time per level.
                   A        B        C        D        E       F      G
               +--------+--------+--------+--------+--------+-----+--------+
         Total |  14206 |  13821 |    385 |   1836 |  10141 |  13 | 1092.8 |
       Dungeon |  13760 |  13375 |    385 |   1661 |  10141 |  12 | 1146.7 |
         Abyss |    446 |    446 |      0 |    175 |      0 |   1 |  446.0 |
               +--------+--------+--------+--------+--------+-----+--------+

Top non-repeatable levels by time:
     D:6: 1830 daAuts
    D:11: 1560 daAuts
     D:3: 1379 daAuts
     D:9: 1355 daAuts
     D:4: 1246 daAuts
     D:2: 1224 daAuts
    D:10: 1142 daAuts
     D:7: 1095 daAuts
     D:5: 1076 daAuts
     D:1: 827 daAuts
     D:8: 668 daAuts
 Abyss:2: 446 daAuts
    D:12: 353 daAuts
